 Dungeon Crawl Stone Soup version 0.28.0 (webtiles) character file.

Game seed: 10310919635875856360

12880 a3don the Digger (level 12, -2/70 HPs)
             Began as a Gargoyle Earth Elementalist on Feb 14, 2022.
             Was an Elder of Fedhas.
             Slain by a two-headed hydra (10 damage)
             ... on level 11 of the Dungeon.
             The game lasted 00:49:31 (21350 turns).

a3don the Digger (Gargoyle Earth Elementalist)     Turns: 21350, Time: 00:49:31

Health: -2/70      AC: 19    Str: 13      XL:     12   Next: 0%
Magic:  13/20      EV: 13    Int: 16 (20) God:    Fedhas [****..]
Gold:   318        SH:  0    Dex: 10      Spells: 6/22 levels left

rFire   + . .      SeeInvis .   U - +2 scimitar (flame)
rCold   x . .      Faith    .   (no shield)
rNeg    + . .      Spirit   .   f - +2 robe {Will+}
rPois   ∞          Reflect  .   (no helmet)
rElec   +          Harm     .   p - scarf {+Inv}
rCorr   .          Rampage  .   x - +0 pair of gloves
Will    +....                   R - +1 pair of boots
Stlth   ++........              (no amulet)
HPRegen 0.21/turn               e - ring of fire
MPRegen 0.17/turn               h - +4 ring of protection

@: no status effects
A: sickness immunity, AC +8, negative energy resistance 1, electricity
resistance, torment resistance 1, petrification resistance
a: Renounce Religion, Evoke Invisibility, Wall of Briars, Grow Ballistomycete,
Overgrow


You were on level 11 of the Dungeon.
You worshipped Fedhas.
Fedhas was greatly pleased with you.
You visited 1 branch of the dungeon, and saw 11 of its levels.
You also visited: Ossuary.

You collected 736 gold pieces.
You spent 418 gold pieces at shops.

Inventory:

Hand Weapons
 a - a +2 halberd of protection
 o - a +0 whip
 C - a +2 scythe of venom
 M - a +1 whip of draining
 N - a +2 whip of electrocution
 Q - a +0 battleaxe of flaming
 S - a +0 flail of protection
 U - a +2 scimitar of flaming (weapon)
Missiles
 m - 277 stones
 z - 55 sling bullets
 F - 30 poisoned darts (quivered)
 I - 3 datura-tipped darts
 K - a curare-tipped dart
 Y - 6 boomerangs
Armour
 f - a +2 robe of willpower (worn)
 p - a scarf of invisibility (worn)
 v - an orb of energy
 x - a +0 pair of gloves (worn)
 R - a +1 pair of boots (worn)
Jewellery
 c - an amulet of faith
 d - a ring of positive energy
 e - a ring of fire (left hand)
 h - a +4 ring of protection (right hand)
 s - a ring of resist corrosion
 y - a ring of positive energy
 T - an amulet of regeneration
Wands
 b - a wand of polymorph (4)
 w - a wand of flame (38)
 E - a wand of iceblast (19)
Scrolls
 i - a scroll of immolation {unknown}
 k - 2 scrolls of vulnerability
 q - 2 scrolls of magic mapping {unknown}
 t - 2 scrolls of torment
 u - a scroll of blinking {unknown}
 B - a scroll of fog {unknown}
 D - a scroll of summoning {unknown}
 J - 3 scrolls of teleportation
 V - 2 scrolls of amnesia {unknown}
 W - a scroll of noise {unknown}
Potions
 g - 2 potions of haste
 j - 3 potions of might {unknown}
 l - 4 potions of attraction
 n - a potion of lignification {unknown}
 r - 4 potions of ambrosia
 A - a potion of invisibility {unknown}
 G - 2 potions of brilliance
 H - a potion of flight {unknown}
 L - 2 potions of mutation {unknown}
 O - 3 potions of heal wounds
 P - 2 potions of curing
 X - a potion of resistance {unknown}


   Skills:
 + Level 6.2 Fighting
 * Level 7.9 Maces & Flails
 + Level 5.2 Dodging
 - Level 2.7 Stealth
 + Level 5.8 Spellcasting
 + Level 6.3 Conjurations
 + Level 2.4 Necromancy
 + Level 4.9 Transmutations
 + Level 2.4 Air Magic
 + Level 7.9 Earth Magic
 + Level 3.1 Poison Magic
 * Level 6.1 Invocations
 + Level 3.4 Evocations


You had 6 spell levels left.
You knew the following spells:

 Your Spells              Type           Power      Damage    Failure   Level
a - Sandblast             Erth           60%        2d14      1%          1
b - Stone Arrow           Conj/Erth      54%        3d10      2%          3
c - Passwall              Tmut/Erth      20%        N/A       1%          2
d - Poisonous Vapours     Pois/Air       26%        N/A       7%          2
e - Beastly Appendage     Tmut           40%        N/A       1%          1
f - Wereblood             Tmut           20%        N/A       2%          2
g - Animate Skeleton      Necr           24%        N/A       4%          1
h - Petrify               Tmut/Erth      25%        N/A       10%         4

Your spell library contained the following spells:

 Spells                   Type           Power      Damage    Failure   Level
 Pain                     Necr           48%        1d6       4%          1
 Corpse Rot               Necr/Air       24%        N/A       8%          2
 Spider Form              Tmut/Pois      17%        N/A       8%          3
 Apportation              Tloc           8%         N/A       14%         1
 Summon Small Mammal      Summ           16%        N/A       14%         1
 Iskenderun's Battlesphe  Conj           25%        2d8       28%         5
 Tukima's Dance           Hex            4%         N/A       38%         3
 Dispel Undead            Necr           12%        3d9       45%         4
 Iron Shot                Conj/Erth      13%        9d3       75%         6
 Passage of Golubria      Tloc           4%         N/A       80%         4
 Agony                    Necr           12%        N/A       80%         5
 Excruciating Wounds      Necr           6%         N/A       80%         5
 Yara's Violent Unravell  Hex/Tmut       6%         3d5       80%         5
 Death Channel            Necr           6%         N/A       100%        6
 Spellforged Servitor     Conj/Summ      7%         N/A       100%        7


Dungeon Overview and Level Annotations

Branches:
Dungeon (11/15)            Temple (0/1) D:5            Lair (0/6) D:11
Ossuary (visited)
    Orc: D:9-12

Altars:
Dithmenos
Fedhas

Shops:
D:8 !   D:9 :

Annotations:
D:6 1 runed translucent door, WindUpCitrus's ghost, novice DEFE


Innate Abilities, Weirdness & Mutations

You are immune to sickness and miasma.
Your stone body is resilient. (AC +8)
You are immune to poison.
You resist negative energy. (rN+)
You are resistant to electric shocks. (rElec)
You are resistant to unholy torment.
You are immune to petrification.


Message History

Unknown command.
You lop one of the four-headed hydra's heads off!
The flame cauterises the wound!
You slash the three-headed hydra! You burn the three-headed hydra.
The three-headed hydra is severely wounded.
The three-headed hydra bites you but does no damage.
The three-headed hydra completely misses you.
The three-headed hydra bites you.
* * * LOW HITPOINT WARNING * * *
The three-headed hydra bites you but does no damage.
The three-headed hydra completely misses you.
The three-headed hydra barely misses you.
You barely miss the three-headed hydra.
The three-headed hydra is severely wounded.
The three-headed hydra bites you.
* * * LOW HITPOINT WARNING * * *
The three-headed hydra closely misses you.
The three-headed hydra barely misses you.
Casting: Stone Arrow (mildly dangerous; 2% risk of failure)
Confirm with . or Enter, or press ? or * to list all spells.
Aiming: Stone Arrow (mildly dangerous; 2% risk of failure)
Press: ? - help, Shift-Dir - straight line, f/p - three-headed hydra
Aim: a three-headed hydra (severely wounded, 90% to hit)
The stone arrow hits the three-headed hydra!
The three-headed hydra is severely wounded.
The three-headed hydra closely misses you.
The three-headed hydra bites you but does no damage. x2
You chop one of the three-headed hydra's heads off!
The flame cauterises the wound!
You hit the two-headed hydra. You burn the two-headed hydra.
The two-headed hydra is almost dead.
The two-headed hydra bites you!
* * * LOW HITPOINT WARNING * * *
The two-headed hydra barely misses you.
You hit the two-headed hydra. You burn the two-headed hydra.
The two-headed hydra is almost dead.
The two-headed hydra bites you but does no damage.
The two-headed hydra barely misses you. The two-headed hydra bites you!
You die...
Fedhas appreciates your contribution to the ecosystem.

######.#
#.......#............
#.####.......#............
#.<..#.......#............
#.####...⌠...#............
#.# #.......#.##########.
#.# #.......#.# #. #.#
#....)..#.# #. #.#
#...D...#.# #. #.#
#...@...#.# #. #.#
#.......#.# #. #.#
#.....).#.# #. ###
#.#...#.#.# ## ####.####.#
#.#)# #.# ####.####.#
#[..#)..#.# #..#.#..#)#


You could see a two-headed hydra.

Vanquished Creatures
  5 two-headed ogres
  Pikel (D:7)
  2 gargoyles (D:11)
  An efreet (D:10)
  3 trolls
  2 hornets
  Sigmund (D:6)
  5 humans (D:10)
  3 wyverns
  2 wraiths
  5 yaks (D:10)
  2 steam dragons
  2 ice beasts
  A necrophage (D:5)
  2 sky beasts (D:8)
  3 orc warriors
  An ogre (D:5)
  2 wolves (D:11)
  A phantom (D:6)
  6 centaurs
  A lemure (D:7)
  6 kobold brigands
  A gnoll sergeant (D:10)
  2 bullfrogs
  3 scorpions
  3 killer bees
  8 wights
  9 electric eels
  2 howler monkeys (D:7)
  A bullfrog zombie (D:5)
  A jelly (D:5)
  A gnoll shaman (D:9)
  5 centaur zombies
  6 orc priests
  5 hounds
  2 bullfrog skeletons (D:6)
  3 centaur skeletons (D:7)
  6 iguanas
  10 orc wizards
  2 scorpion zombies (D:5)
  A killer bee zombie (D:7)
  A hound skeleton (D:5)
  2 mummies (D:5)
  13 gnolls
  A howler monkey skeleton (D:5)
  8 adders
  2 shadow imps
  4 worms
  6 dart slugs
  28 orcs
  6 ball pythons
  9 endoplasms
  6 giant cockroaches
  A gnoll zombie (Ossuary)
  7 hobgoblins
  5 jackals
  21 kobolds
  3 quokkas
  5 bats
  8 frilled lizards
  4 goblins
  A hobgoblin zombie (Ossuary)
  2 orc zombies (Ossuary)
  4 rats
275 creatures vanquished.

Vanquished Creatures (others)
  A deep elf pyromancer (D:10)
  An unseen horror (D:11)
  An orc wizard (D:4)
  6 plants (D:10)
9 creatures vanquished.

Grand Total: 284 creatures vanquished

Notes
Turn   | Place    | Note
-------+----------+-------------------------------------------
     0 | D:1      | a3don the Gargoyle Earth Elementalist began the quest for
                  | the Orb.
     0 | D:1      | Reached XP level 1. HP: 10/10 MP: 3/3
   237 | D:1      | Found a faded altar of an unknown god.
   260 | D:1      | Reached skill level 1 in Transmutations
   260 | D:1      | Reached XP level 2. HP: 15/15 MP: 5/5
   868 | D:1      | Reached XP level 3. HP: 17/19 MP: 1/6
  2260 | D:2      | Reached XP level 4. HP: 18/24 MP: 4/7
  3284 | D:3      | Reached skill level 1 in Fighting
  3933 | D:3      | Reached skill level 1 in Maces & Flails
  4169 | D:4      | Reached XP level 5. HP: 29/29 MP: 6/8
  4233 | D:3      | Reached skill level 1 in Conjurations
  5088 | D:3      | HP: 1/29 [gnoll (5)]
  5107 | D:3      | HP: 1/29 [gnoll (2)]
  5423 | D:2      | Learned a level 3 spell: Stone Arrow
  5428 | D:3      | Reached XP level 6. HP: 25/35 MP: 0/10
  5515 | D:3      | Learned a level 2 spell: Passwall
  7123 | D:4      | Reached XP level 7. HP: 24/40 MP: 7/11
  7332 | D:5      | Entered Level 5 of the Dungeon
  7373 | D:5      | Found a sand-covered staircase.
  7378 | Ossuary  | Entered an ossuary
  7796 | D:5      | Found a staircase to the Ecumenical Temple.
  7907 | D:5      | Reached skill level 5 in Earth Magic
  8239 | D:5      | Found a blossoming altar of Fedhas.
  8292 | D:5      | Reached XP level 8. HP: 22/46 MP: 6/13
  8731 | D:5      | Became a worshipper of Fedhas Madash
  9798 | D:6      | Noticed Sigmund
  9800 | D:6      | Killed Sigmund
 10744 | D:6      | Reached * piety under Fedhas
 10830 | D:6      | Reached XP level 9. HP: 52/52 MP: 11/15
 10975 | D:6      | Found a runed translucent door.
 10975 | D:6      | Noticed WindUpCitrus's ghost (novice DEFE)
 11007 | D:6      | Found a shadowy altar of Dithmenos.
 11097 | D:6      | Reached skill level 5 in Maces & Flails
 11800 | D:7      | HP: 1/52 [killer bee zombie (4)]
 13158 | D:8      | Reached ** piety under Fedhas
 13187 | D:8      | Reached skill level 1 in Invocations
 13431 | D:8      | Noticed Pikel
 13724 | D:7      | Killed Pikel
 13725 | D:7      | Reached skill level 1 in Evocations
 13816 | D:8      | Found Moas's Distillery.
 13819 | D:8      | Bought a potion of heal wounds for 70 gold pieces
 13819 | D:8      | Bought a potion of curing for 42 gold pieces
 13944 | D:8      | Reached XP level 10. HP: 58/58 MP: 2/17
 14252 | D:8      | Reached skill level 5 in Fighting
 14635 | D:8      | Reached skill level 5 in Conjurations
 15224 | D:9      | Found Zinopt's Book Shop.
 15230 | D:9      | Bought a book of Changes for 306 gold pieces
 15233 | D:9      | Learned a level 2 spell: Poisonous Vapours
 15235 | D:9      | Learned a level 1 spell: Beastly Appendage
 15238 | D:9      | Learned a level 2 spell: Wereblood
 15240 | D:9      | Learned a level 1 spell: Animate Skeleton
 15354 | D:9      | Reached skill level 5 in Spellcasting
 15758 | D:9      | Noticed a two-headed ogre
 15793 | D:9      | Killed a two-headed ogre
 15794 | D:9      | Reached skill level 1 in Poison Magic
 15857 | D:9      | Noticed a two-headed ogre
 15866 | D:9      | Killed a two-headed ogre
 15867 | D:9      | Reached skill level 1 in Necromancy
 16019 | D:9      | Reached skill level 1 in Air Magic
 16132 | D:9      | Reached *** piety under Fedhas
 17118 | D:10     | Entered Level 10 of the Dungeon
 17206 | D:10     | Reached XP level 11. HP: 58/64 MP: 4/18
 17705 | D:10     | Reached skill level 5 in Invocations
 19024 | D:10     | Noticed a deep elf pyromancer
 19033 | D:10     | Killed a deep elf pyromancer
 19034 | D:10     | Reached skill level 5 in Dodging
 19715 | D:11     | Noticed a two-headed ogre
 19738 | D:11     | Killed a two-headed ogre
 19962 | D:11     | Reached **** piety under Fedhas
 20168 | D:11     | Found a staircase to the Lair.
 20760 | D:11     | HP: 2/64 [gargoyle/stone arrow (23)]
 21062 | D:11     | Noticed a manticore
 21088 | D:11     | Noticed a two-headed ogre
 21091 | D:11     | Noticed a two-headed ogre
 21112 | D:11     | Killed a two-headed ogre
 21214 | D:11     | Noticed a five-headed hydra
 21228 | D:11     | Killed a two-headed ogre
 21229 | D:11     | Reached XP level 12. HP: 51/70 MP: 6/20
 21311 | D:11     | Learned a level 4 spell: Petrify
 21350 | D:11     | Slain by a two-headed hydra

Illustrated notes

Levels and vault maps discovered:
D:1:      dpeg_arrival_windows_large_door, layout_loops_ring,
          shapermc_ecumenical_altar_pompeii, amcnicky_mini_rare_corridor_liquid,
          roderic_lattice_a, corexii_hall_statues_deadend, minmay_box_of_dots
D:2:      layout_rooms
D:3:      layout_basic, minmay_curled_crystal, ebering_dispersal_statue_hall
D:4:      layout_rooms, grunt_ministairs_10, minmay_a_box_with_orc_wizards_in_it
D:5:      layout_loops_ring, fedhas_altar_1, minmay_temple_entry_trees,
          nicolae_ossuary_entry_ruins, cheibrodos_sewer_entry_bend,
          minmay_pentangle
D:6:      layout_rooms, grunt_dithmenos_shadows, gammafunk_ghost_grave,
          uniq_sigmund
D:7:      layout_basic
D:8:      layout_cave_pods, serial_shops, kennysheep_mini_moat, uniq_pikel
D:9:      layout_loops_cross, nicolae_stop_n_shop_1, grunt_ministairs_6
D:10:     cheibrodos_two_vegetables, layout_irregular_city, fountainhead,
          minmay_ruffians, uniq_josephine
D:11:     layout_small_grid, erik_lair_island, wad_rectangle_vault

Skill      XL: |  1  2  3  4  5  6  7  8  9 10 11 |
---------------+----------------------------------+-----
Transmutations | 1 2 3 4 |  4.9
Earth Magic    | 4 5 6 7 |  7.9
Dodging        | 2 3 4 5 |  5.2
Fighting       | 1 2 3 4 5 6 |  6.2
Maces & Flails | 1 2 3 4 6 7 |  7.9
Conjurations   | 1 2 3 4 5 6 |  6.3
Spellcasting   | 3 4 5 |  5.8
Invocations    | 2 4 6 |  6.1
Evocations     | 1 2 3 |  3.4
Poison Magic   | 1 3 |  3.1
Necromancy     | 1 2 |  2.4
Air Magic      | 1 2 |  2.4
Stealth        | |  2.7

Action                   |  1- 3 |  4- 6 |  7- 9 | 10-12 || total
-------------------------+-------+-------+-------+-------++-------
Melee: Short sword       |    30 |       |       |       ||    30
       Club              |    67 |    34 |       |       ||   101
       Whip              |       |    87 |     2 |   345 ||   434
       Punch             |       |     4 |     8 |       ||    12
       Flail             |       |   149 |   295 |       ||   444
       Kick              |       |       |       |    12 ||    12
       Headbutt          |       |       |       |    12 ||    12
       Scimitar          |       |       |       |     7 ||     7
Throw: Dart              |       |       |     1 |     8 ||     9
 Cast: Sandblast         |    35 |    36 |    24 |    10 ||   105
       Stone Arrow       |       |    13 |    87 |    91 ||   191
       Passwall          |       |     2 |     1 |       ||     3
       Poisonous Vapours |       |       |       |    54 ||    54
       Beastly Appendage |       |       |       |     3 ||     3
       Animate Skeleton  |       |       |       |     2 ||     2
       Wereblood         |       |       |       |     1 ||     1
       Petrify           |       |       |       |     1 ||     1
Evoke: Wand              |       |     3 |       |     2 ||     5
  Use: Scroll            |       |     1 |     5 |     2 ||     8
       Potion            |       |     1 |     2 |     2 ||     5
 Stab: Sleeping          |     3 |     2 |     2 |     1 ||     8
Armor: Robe              |    56 |   205 |   234 |   176 ||   671
Dodge: Dodged            |    95 |   234 |   286 |   242 ||   857
